 Dungeon Crawl Stone Soup version 0.29-a0-870-g2c972031a6 (webtiles) character file.

Game seed: 11576198536426964929

507 zeratav the Tainter (level 7, -1/41 HPs)
             Began as an Octopode Venom Mage on July 16, 2022.
             Slain by Pikel
             ... wielding a +2 whip of freezing
              (5 damage)
             ... on level 4 of the Dungeon on July 17, 2022.
             The game lasted 00:11:20 (6200 turns).

zeratav the Tainter (Octopode Venom Mage)           Turns: 6200, Time: 00:11:21

Health: -1/41      AC:  1    Str:  8    XL:     7   Next: 18%
Magic:  2/10       EV: 13    Int: 19    God:
Gold:   166        SH:  0    Dex: 12    Spells: 7/10 levels left

rFire   . . .      SeeInvis .   b - staff of poison {staff}
rCold   . . .      Faith    .   (no shield)
rNeg    . . .      Spirit   .   (helmet restricted)
rPois   +          Reflect  .   (no amulet)
rElec   .          Harm     .   k - ring of flight
rCorr   .          Rampage  .   (no ring)
Will    .....                   (no ring)
Stlth   ++++......              (no ring)
HPRegen 0.13/turn               (no ring)
MPRegen 0.12/turn               (no ring)
                                (no ring)
                                (no ring)

@: flying
A: almost no armour, amphibious, 8 rings, camouflage 1, gelatinous body 1,
(nimble swimmer 1), tentacles
a: no special abilities


You were on level 4 of the Dungeon.
You visited 1 branch of the dungeon, and saw 4 of its levels.

You collected 166 gold pieces.


Innate Abilities, Weirdness & Mutations

You cannot wear most types of armour.
You are amphibious.
You can wear up to eight rings at the same time.
Your skin changes colour to match your surroundings (Stealth+).
Your rubbery body absorbs attacks. (AC +1, EV +1)
((You are camouflaged when in or above water. (Stealth+)))
You have tentacles for arms and can constrict up to eight enemies at once.


   Skills:
 - Level 2.0 Dodging
 - Level 5.0 Stealth
 - Level 2.0 Spellcasting
 - Level 1.0 Transmutations
 + Level 8.9 Poison Magic


You had 7 spell levels left.
You knew the following spells:

 Your Spells              Type           Power      Damage    Failure   Level
a - Sting                 Tmut/Pois      100%       1d8       2%          1
b - Poisonous Vapours     Pois/Air       56%        N/A       4%          2

Your spell library contained the following spells:

 Spells                   Type           Power      Damage    Failure   Level
 Olgreb's Toxic Radiance  Pois           52%        N/A       4%          4
 Mephitic Cloud           Conj/Pois/Air  19%        N/A       16%         3
 Passwall                 Tmut/Erth      2%         N/A       21%         2
 Ensorcelled Hibernation  Hex/Ice        2%         N/A       26%         2
 Dazzling Flash           Conj/Hex       2%         N/A       45%         3
 Swiftness                Air            1%         N/A       45%         3
 Iskenderun's Mystic Bla  Conj/Tloc      1%         2d3       86%         4
 Starburst                Conj/Fire      0%         6d3       100%        6

Inventory:

Hand Weapons
 h - a +0 dagger of venom {short}
   (You took it off a kobold on level 2 of the Dungeon)
 n - the +2 hammer of Badwisut {holy, rPois rC+ Stlth+}
   (You found it on level 4 of the Dungeon)

   It has been blessed by the Shining One to cause great damage to the undead
   and demons.
   rC:        It protects you from cold.
   rPois:     It protects you from poison.
   Stlth:     It makes you more stealthy.
Armour
 i - a +0 buckler
   (You found it on level 2 of the Dungeon)
Magical Staves
 b - a staff of poison (weapon) {staff}
   (You found it on level 1 of the Dungeon)
Jewellery
 k - a ring of flight (left tentacle)
   (You found it on level 2 of the Dungeon)
Scrolls
 d - a scroll of enchant armour {unknown}
 g - a scroll of teleportation {@r4}
 o - a scroll of enchant weapon {unknown}
 p - a scroll of fear {unknown}
 q - a scroll of fog {unknown}
Potions
 a - a potion of magic
 c - a potion of berserk rage {unknown}
 e - a potion of mutation {unknown}
 f - a potion of invisibility
 j - a potion of curing {unknown}
 l - a potion of might {unknown}
 m - a potion of heal wounds {@q2}

Dungeon Overview and Level Annotations

Branches:
Dungeon (4/15) Zot: 17793
 Temple: D:4-7

Altars:
Okawaru
The Shining One

Annotations:
D:3 exclusions: downstairs and rat, Ijyb
D:4 Pikel

#########.#........########.#.#.#
#.#.#####55...........#.#
#.#.#....K...######.###.# #
#.#.#.#.###..##...#.# #.# #
#.#.#K#5# #...'...#.# #.# #
#.....#.# #...#K..#.# #.# ###
#.......# #...##.##.###.# ..#
#....5#####.............. ..#
#....55K@....###....K...# ..###
#.....######..#####.#.### ..'.#
#.................#.#..K. ..#.#
#......#####...##.#.#.### ..#.#
#............#.##.#.#.# ..#.#
#...#..#######..#.#.#.### #####
#......# ##.#.#...... #).##.
#...#...... ##### ##..#......


You could see Pikel (extremely poisoned) and 3 lemures.


Message History

The lemure attacks as you move away! The lemure hits you.
HP[-1]
You take 1 damage, and now have 30/41 hp.
The lemure attacks as you move away! The lemure closely misses you.
MP[+1]
The lemure attacks as you move away! The lemure closely misses you.
HP[+1]
The lemure attacks as you move away! The lemure misses you.
MP[+1] Really fly into that dispersal trap?
You enter a dispersal trap!
The lemure blinks!
You blink.
The lemure hits you.
HP[-4]
You take 4 damage, and now have 27/41 hp.
Casting: Poisonous Vapours (safe; 4% risk of failure)
Confirm with . or Enter, or press ? or * to list all spells.
Aiming: Poisonous Vapours (safe; 4% risk of failure)
Press: ? - help, Dir - move target, f/p - Pikel
Aim: Pikel, wielding a +2 whip of freezing and wearing a +0 robe (moderately wounded)
You feel a surge of power!
Poisonous vapours surround Pikel!
Pikel is poisoned.
The lemure hits you!
* * * LOW HITPOINT WARNING * * *
HP[-9] MP[-2]
You take 9 damage, and now have 18/41 hp.
MASSIVE DAMAGE!! (PAUSE)
You lost 2 mp, and now have 4/10 mp.
MP[+1]
The lemure attacks as you move away! The lemure hits you.
* * * LOW HITPOINT WARNING * * *
HP[-5]
You take 5 damage, and now have 13/41 hp.
The lemure attacks as you move away! The lemure hits you!
* * * LOW HITPOINT WARNING * * *
HP[-9]
You take 9 damage, and now have 4/41 hp.
MASSIVE DAMAGE!! (PAUSE)
You feel much better. The lemure closely misses you.
HP[+22]
You regained 22 hp, and now have 26/41 hp.
You closely miss the lemure. Your grab misses the lemure.
The lemure barely misses you.
You hit the lemure. Your grab misses the lemure. You squeeze the lemure.
The lemure hits you.
HP[-4]
You take 4 damage, and now have 22/41 hp.
You closely miss the lemure. Your grab misses the lemure.
Your squeeze misses the lemure.
MP[+1]
You barely miss Pikel. You grab Pikel. You squeeze Pikel.
You constrict Pikel, but do no damage.
Pikel looks more healthy.
Pikel closely misses you.
HP[+1]
You hit Pikel but do no damage. You constrict Pikel, but do no damage.
Pikel hits you with a +2 whip of freezing.
* * * LOW HITPOINT WARNING * * *
Pikel freezes you.
* * * LOW HITPOINT WARNING * * *
HP[-5]
You take 5 damage, and now have 18/41 hp.
Casting: Poisonous Vapours (safe; 4% risk of failure)
Confirm with . or Enter, or press ? or * to list all spells.
Aiming: Sting (safe; 2% risk of failure)
Press: ? - help, Shift-Dir - straight line, f/p - Pikel
Aim: Pikel, wielding a +2 whip of freezing and wearing a +0 robe (heavily wounded, constricted by you, 100% to hit)
You feel a surge of power!
The sting hits Pikel!
Pikel is poisoned.
You constrict Pikel. Pikel barely misses you.
MP[-1]
You lost 1 mp, and now have 5/10 mp.
Casting: Sting (safe; 2% risk of failure)
Confirm with . or Enter, or press ? or * to list all spells.
Aiming: Sting (safe; 2% risk of failure)
Press: ? - help, Shift-Dir - straight line, f/p - Pikel
Aim: Pikel, wielding a +2 whip of freezing and wearing a +0 robe (severely wounded, constricted by you, poisoned, 100% to hit)
You feel a surge of power!
The sting hits Pikel.
Pikel looks even sicker.
You constrict Pikel. Pikel closely misses you.
MP[-1]
You lost 1 mp, and now have 4/10 mp.
Casting: Sting (safe; 2% risk of failure)
Confirm with . or Enter, or press ? or * to list all spells.
Aiming: Sting (safe; 2% risk of failure)
Press: ? - help, Shift-Dir - straight line, f/p - Pikel
Aim: Pikel, wielding a +2 whip of freezing and wearing a +0 robe (almost dead, constricted by you, very poisoned, 100% to hit)
You feel a surge of power!
The sting hits Pikel but does no damage.
Pikel looks even sicker.
You constrict Pikel. Pikel barely misses you.
MP[-1]
You lost 1 mp, and now have 3/10 mp.
Casting: Sting (safe; 2% risk of failure)
Confirm with . or Enter, or press ? or * to list all spells.
Aiming: Sting (safe; 2% risk of failure)
Press: ? - help, Shift-Dir - straight line, f/p - Pikel
Aim: Pikel, wielding a +2 whip of freezing and wearing a +0 robe (almost dead, constricted by you, very poisoned, 100% to hit)
You feel a surge of power!
The sting hits Pikel but does no damage.
Pikel looks as sick as possible!
You constrict Pikel, but do no damage.
Pikel hits you with a +2 whip of freezing!
* * * LOW HITPOINT WARNING * * *
Pikel freezes you.
You die...

Skill      XL: |  1  2  3  4  5  6 |
---------------+-------------------+-----
Stealth        | 3 4 5 |  5.0
Poison Magic   | 4 5 7 8 |  8.9
Dodging        | |  2.0
Spellcasting   | |  2.0
Transmutations | |  1.0

Action                   |  1- 3 |  4- 6 |  7- 9 || total
-------------------------+-------+-------+-------++-------
Melee: Staff             |     5 |    13 |     5 ||    23
       Tentacles         |     2 |     5 |     2 ||     9
       Constrict         |     1 |     5 |     1 ||     7
       Unarmed           |       |     3 |       ||     3
       Mace              |       |     6 |       ||     6
 Cast: Sting             |    42 |    70 |     4 ||   116
       Poisonous Vapours |     4 |    41 |     5 ||    50
  Use: Scroll            |       |     6 |       ||     6
       Potion            |       |     1 |     1 ||     2
 Stab: Sleeping          |       |     6 |       ||     6
Armor: Skin              |     1 |     5 |       ||     6
Dodge: Dodged            |    12 |    25 |    12 ||    49

Levels and vault maps discovered:
D:1:      mrwooster_arrival_statue_2, layout_loops_corners
D:2:      layout_basic, uniq_natasha, uniq_terence
D:3:      layout_loops_ring, mainiacjoe_overflow_big_doors, serial_rivers,
          chequers_serial_rivers_micro_d, chequers_serial_rivers_micro_b,
          chequers_serial_rivers_room_b, chequers_serial_rivers_micro_c,
          chequers_serial_rivers_micro_d, uniq_ijyb
D:4:      layout_basic, uniq_pikel, uniq_crazy_yiuf_cottage, uniq_blork_the_orc

Notes
Turn   | Place    | Note
-------+----------+-------------------------------------------
     0 | D:1      | zeratav the Octopode Venom Mage began the quest for the
                  | Orb.
     0 | D:1      | Reached XP level 1. HP: 11/11 MP: 3/3
     0 | D:1      | magus.rc [v1.9.6]
   148 | D:1      | Reached skill level 3 in Stealth
   382 | D:1      | Reached XP level 2. HP: 17/17 MP: 3/5
   425 | D:1      | Reached skill level 4 in Poison Magic
   685 | D:1      | You pick up a book of Spectacle and begin reading...
   685 | D:1      | You add the spells Dazzling Flash, Iskenderun's Mystic
                  | Blast and Starburst to your library.
  1091 | D:1      | Reached XP level 3. HP: 21/21 MP: 0/6
  1173 | D:1      | Reached skill level 4 in Stealth
  1354 | D:1      | Learned a level 2 spell: Poisonous Vapours
  1554 | D:2      | Noticed Terence
  1575 | D:2      | Killed Terence
  1589 | D:2      | Reached XP level 4. HP: 25/27 MP: 0/7
  1949 | D:2      | Noticed Natasha
  2279 | D:2      | Killed Natasha
  2280 | D:2      | Reached skill level 5 in Stealth
  2280 | D:2      | Reached skill level 5 in Poison Magic
  2492 | D:2      | Upgraded the game from 0.29-a0-857-g9b1aa3ac5b to
                  | 0.29-a0-870-g2c972031a6
  2492 | D:2      | magus.rc [v1.9.6]
  2565 | D:2      | Noticed Natasha
  2571 | D:2      | Killed Natasha
  2572 | D:2      | Reached XP level 5. HP: 26/31 MP: 0/8
  3017 | D:2      | Noticed Natasha
  3021 | D:2      | Killed Natasha
  3022 | D:2      | Reached skill level 6 in Poison Magic
  3194 | D:3      | Found an iron altar of Okawaru.
  3199 | D:3      | Found a glowing golden altar of the Shining One.
  3709 | D:3      | Noticed Ijyb
  4087 | D:4      | Noticed a lemure
  4333 | D:4      | Noticed Blork the orc
  4346 | D:4      | HP: 3/31 [Blork the orc/+0 trident (9)]
  4351 | D:4      | Killed Blork the orc
  4352 | D:4      | Reached skill level 7 in Poison Magic
  4352 | D:4      | Reached XP level 6. HP: 13/36 MP: 0/9
  4767 | D:4      | Identified the +2 hammer of Badwisut {holy, rPois rC+
                  | Stlth+}
  4769 | D:4      | Found a runed translucent door.
  4770 | D:4      | Noticed Crazy Yiuf
  4783 | D:4      | Killed Crazy Yiuf
  5418 | D:4      | Reached skill level 8 in Poison Magic
  5972 | D:4      | You pick up a book of Burglary and begin reading...
  5972 | D:4      | You add the spells Passwall, Ensorcelled Hibernation and
                  | Swiftness to your library.
  6060 | D:4      | Reached XP level 7. HP: 41/41 MP: 5/10
  6144 | D:4      | Noticed Pikel
  6190 | D:4      | HP: 4/41 [lemure[Pikel] (9)]
  6200 | D:4      | HP: 4/41 [Pikel/+2 whip of freezing (14)]
  6200 | D:4      | Slain by Pikel

Vanquished Creatures
  An ogre (D:4)
  Blork the orc (D:4)
  A necrophage (D:4)
  A jelly (D:4)
  Crazy Yiuf (D:4)
  Terence (D:2)
  Natasha (thrice) (D:2)
  3 gnolls (D:4)
  3 adders
  2 worms (D:2)
  3 dart slugs (D:1)
  An orc (D:4)
  7 ball pythons
  2 bats (D:1)
  5 endoplasms
  A giant cockroach (D:3)
  4 goblins
  10 hobgoblins
  6 jackals
  2 quokkas
  5 frilled lizards
  3 kobolds
  5 rats
71 creatures vanquished.

Table legend:
 A = Non-vault XP
 B = Vault XP
 C = Vault XP percentage of total XP
 D = Non-vault monster count
 E = Vault monster count
 F = Vault count percentage of total count
                 A         B        C        D         E       F
            +---------+---------+-------+---------+---------+-------
      Total |     519 |     206 |  28.4 |      67 |       4 |   5.6
            +---------+---------+-------+---------+---------+-------
        D:1 |      42 |       0 |   0.0 |      21 |       0 |   0.0
        D:2 |     101 |      71 |  41.3 |      17 |       2 |  10.5
        D:3 |      27 |       0 |   0.0 |      10 |       0 |   0.0
        D:4 |     349 |     135 |  27.9 |      19 |       2 |   9.5
            +---------+---------+-------+---------+---------+-------

Illustrated notes

Table legend:
 A = Kills in this place as a percentage of kills in entire the game.
 B = Kills by you in this place as a percentage of kills by you in the entire game.
 C = Kills by friends in this place as a percentage of kills by friends in the entire game.
 D = Other kills in this place as a percentage of other kills in the entire game.
 E = Experience gained in this place as a percentage of experience gained in the entire game.
 F = Experience gained in this place divided by the number of levels of this place that you have seen.
                   A       B       C       D       E      F
               +-------+-------+-------+-------+-------+----------------------
         Total | 100.0 | 100.0 |   N/A |   N/A | 100.0 | 181.2
       Dungeon | 100.0 | 100.0 |   N/A |   N/A | 100.0 | 181.2
               +-------+-------+-------+-------+-------+----------------------

Table legend: (Time is in decaauts)
 A = Elapsed time spent in this place.
 B = Non-inter-level travel time spent in this place.
 C = Inter-level travel time spent in this place.
 D = Time resting spent in this place.
 E = Time spent auto-exploring this place.
 F = Levels seen in this place.
 G = Mean time per level.
                   A        B        C        D        E       F      G
               +--------+--------+--------+--------+--------+-----+--------+
         Total |   6205 |   5869 |    336 |   1149 |   3666 |   4 | 1551.2 |
       Dungeon |   6205 |   5869 |    336 |   1149 |   3666 |   4 | 1551.2 |
               +--------+--------+--------+--------+--------+-----+--------+

Top non-repeatable levels by time:
     D:4: 2017 daAuts
     D:2: 1713 daAuts
     D:1: 1435 daAuts
     D:3: 1039 daAuts
